General information
- name: grude
- type: Custom game
- host: iggy_the_fisk
- saver: iggy_the_fisk
map: EchoIsles
- players: 2
- length: 10:40
- speed: Fast
- version: 1.21 W3XP
- replay type:

» download(38 KB)
Players
team 1 (winner)

»
iggy_the_fisk (
red | 134 APM | 1428 actions | 10:40)
3 Blademaster
2 Wind Walk
1 Critical Strike
3 Shadow Hunter
1 Hex
2 Healing Wave
» actions
| Assign group hotkey | 258 | |
| Basic commands | 1 | |
| Build / train | 40 | |
| Enter build submenu | 12 | |
| Enter hero's abilities submenu | 6 | |
| Give item / drop item | 3 | |
| Right click | 601 | |
| Select / deselect | 168 | |
| Select group hotkey | 292 | |
| Use ability | 47 | |
1428 total
» units
| Peon | 8 | |
| Grunt | 4 | |
| Raider | 4 | |
| Spirit Walker | 4 | |
20 total
» upgrades
| Berserker Strength | 1 | |
| Ensnare | 1 | |
| Spirit Walker Training | 2 | |
| Pillage | 1 | |
5 total
» buildings
| Altar of Storms | 1 | |
| Orc Burrow | 5 | |
| Barracks | 1 | |
| Voodoo Lounge | 1 | |
| Stronghold | 1 | |
| Beastiary | 1 | |
| Spirit Lodge | 1 | |
| Great Hall | 1 | |
12 total
» build order
00:03 Altar of Storms
00:18 Orc Burrow
00:34 Barracks
01:33 Orc Burrow
02:15 Voodoo Lounge
02:55 Stronghold
03:48 Orc Burrow
05:28 Beastiary
05:30 Spirit Lodge
05:58 Orc Burrow
09:04 Orc Burrow
09:27 Great Hall
» items
| Healing Salve | 3 | |
| Boots of Speed | 1 | |
4 total
team 2 (loser)
mentospower (
blue | 79 APM | 838 actions | 10:38)
2 Demon Hunter
1 Mana Burn
1 Evasion
2 Naga Sea Witch
1 Frost Arrows
1 Forked Lightning
» actions
| Assign group hotkey | 38 | |
| Build / train | 45 | |
| ESC pressed | 33 | |
| Enter build submenu | 12 | |
| Enter hero's abilities submenu | 4 | |
| Remove unit from queue | 1 | |
| Right click | 447 | |
| Select / deselect | 173 | |
| Select group hotkey | 46 | |
| Use ability | 38 | |
838 total
» units
| Wisp | 12 | |
| Archer | 14 | |
| Forest Troll Shadow Priest | 1 | |
| Dryad | 2 | |
| Druid of the Claw | 1 | |
30 total
» upgrades
| Druid of the Claw Training | 1 | |
| Abolish Magic | 1 | |
2 total
» buildings
| Altar of Elders | 1 | |
| Moon Well | 5 | |
| Ancient of War | 1 | |
| Ancient of Wonders | 1 | |
| Tree of Ages | 1 | |
| Hunter's Hall | 1 | |
| Ancient of Lore | 2 | |
| Tree of Eternity | 2 | |
14 total
» build order
00:09 Altar of Elders
00:10 Moon Well
00:48 Ancient of War
01:31 Moon Well
02:24 Moon Well
02:31 Ancient of Wonders
03:34 Tree of Ages
04:33 Hunter's Hall
04:41 Moon Well
06:16 Ancient of Lore
07:06 Ancient of Lore
09:08 Moon Well
09:31 Tree of Eternity
» items
| Dust of Appearance | 1 | |
| Lesser Clarity Potion | 1 | |
2 total
Chat log
(00:27 / All) iggy_the_fisk: quite
(00:31 / All) mentospower: ^^
(00:46 / All) iggy_the_fisk: just another ud noobee...
(00:53 / All) mentospower: ud!??!
(00:59 / All) mentospower: Oo
(01:02 / All) iggy_the_fisk: leave
(01:13 / All) mentospower: man we are x1...u asked em
(01:17 / All) mentospower: to come..
(05:04 / All) mentospower: mh?
(05:07 / All) iggy_the_fisk: wow noobe
(05:09 / All) iggy_the_fisk: quit
(05:14 / All) mentospower: ahha nerd
(05:17 / All) mentospower: go fucka girl
(05:23 / All) iggy_the_fisk: after u quit
(07:32 / All) iggy_the_fisk: QUIT
(08:04 / All) mentospower: lucky boy
(08:09 / All) iggy_the_fisk: LEAVE
(08:12 / All) mentospower: noob
(08:16 / All) iggy_the_fisk: owned u twice now
(08:19 / All) mentospower: noob
(08:28 / All) iggy_the_fisk: bige noobe owned so hard
(08:30 / All) iggy_the_fisk: make more archer lma
(08:32 / All) mentospower: noob
(10:17 / All) iggy_the_fisk: QUIT
(10:18 / All) iggy_the_fisk: NOOB
(10:35 / All) mentospower: u just 1 more map ahcker
(10:37 / All) mentospower: noob
(10:38 / All) iggy_the_fisk: enjoy replauy